 Dungeon Crawl Stone Soup version 0.29-a0-474-gdfe5cd140f (webtiles) character file.

Game seed: 750271819150738999

4 Linklo the Firebug (level 1, 14/14 HPs)
             Began as a Minotaur Fire Elementalist on May 23, 2022.
             Quit the game on level 1 of the Dungeon.
             The game lasted 00:01:31 (57 turns).

Linklo the Firebug (Minotaur Fire Elementalist)       Turns: 57, Time: 00:01:32

Health: 14/14      AC:  5    Str: 12    XL:     1   Next: 50%
Magic:  0/1        EV: 10    Int: 12    God:
Gold:   11         SH:  0    Dex: 10    Spells: 1/2 levels left

rFire   . . .      SeeInvis .   e - +0 club
rCold   . . .      Faith    .   (no shield)
rNeg    . . .      Spirit   .   c - +0 ring mail
rPois   .          Reflect  .   (helmet restricted)
rElec   .          Harm     .   (no cloak)
rCorr   .          Rampage  .   (no gloves)
Will    .....                   (no boots)
Stlth   +.........              (no amulet)
HPRegen 0.04/turn               (no ring)
MPRegen 0.07/turn               (no ring)

@: no status effects
A: horns 2, retaliatory headbutt
a: no special abilities


You were on level 1 of the Dungeon.
You visited 1 branch of the dungeon, and saw 1 of its levels.

You collected 11 gold pieces.

Inventory:

Hand Weapons
 e - a +0 club (weapon)
Armour
 a - a +0 robe
 c - a +0 ring mail (worn)
Potions
 d - 2 potions of resistance {unknown}


   Skills:
 + Level 2.1 Dodging
 + Level 1.5 Stealth
 + Level 1.4 Spellcasting
 + Level 0.6 Conjurations
 + Level 2.3 Fire Magic


You had one spell level left.
You knew the following spells:

 Your Spells              Type           Power      Damage    Failure   Level
a - Foxfire               Conj/Fire      16%        2x1d4     34%         1

Your spell library contained the following spells:

 Spells                   Type           Power      Damage    Failure   Level
 Scorch                   Fire           12%        2d6       36%         2
 Conjure Flame            Conj/Fire      4%         6-21      71%         3
 Inner Flame              Hex/Fire       3%         N/A       77%         3
 Flame Wave               Conj/Fire      4%         2d5       98%         4


Dungeon Overview and Level Annotations

Branches:
Dungeon (1/15)

Altars:


Innate Abilities, Weirdness & Mutations

You have a pair of horns on your head.
You reflexively headbutt those who attack you in melee.


Message History

You see here 2 metallic emerald potions.
You miscast Foxfire.
You are very lightly contaminated with residual magic.
Nothing appears to happen.
The endoplasm quivers.
You hit the goblin.
The goblin is severely wounded.
The goblin barely misses you.
You hit the goblin.
You kill the goblin!
The quokka barely misses you.
You closely miss the quokka. You headbutt the quokka.
You kill the quokka!
You see here 2 metallic emerald potions.
d - 2 metallic emerald potions Your magical contamination has completely faded away.
You hit the endoplasm but do no damage. You headbutt the endoplasm.
The endoplasm is moderately wounded.
The endoplasm hits you but does no damage.
You hit the endoplasm.
The endoplasm is severely wounded.
The endoplasm misses you.
You hit the endoplasm. You headbutt the endoplasm.
You kill the endoplasm!
Things that are here:
a +0 club; a goblin corpse
e - a +0 club
e - a +0 club (weapon)
Magic restored.
You now have 11 gold pieces.
You miscast Foxfire.
You are very lightly contaminated with residual magic.
Nothing appears to happen.
Magic courses through your body.
You conjure some foxfire!
Your foxfire dissipates!
Your foxfire dissipates!
Your magical contamination has completely faded away.
Found a stone staircase leading down.
Are you sure you want to abandon this character and quit the game? (Confirm with "yes".)

#... .>### #...
..... #..####....
#....##.#####
##....#.........
##..........##..#
#............#..##
#..[.@...........#
#............###.
##...........#
#####..........##
#P....†........P#
#≈P...........P≈#
#≈≈P.....(...P≈≈#
#≈≈≈P.......P≈≈≈#
#≈≈≈≈P.....P≈≈≈≈#


There were no monsters in sight!

Vanquished Creatures
  An endoplasm (D:1)
  A goblin (D:1)
  A quokka (D:1)
3 creatures vanquished.

Vanquished Creatures (others)
  2 foxfires (D:1)
2 creatures vanquished.

Grand Total: 5 creatures vanquished

Notes
Turn   | Place    | Note
-------+----------+-------------------------------------------
     0 | D:1      | Linklo the Minotaur Fire Elementalist began the quest for
                  | the Orb.
     0 | D:1      | Reached XP level 1. HP: 14/14 MP: 1/1
    57 | D:1      | Quit the game

Illustrated notes

Levels and vault maps discovered:
D:1:      eino_arrival_druids_welcome, layout_rooms,
          shapermc_ecumenical_altar_gd, roderic_lattice_a

Action                   || total
-------------------------++-------
Melee: Unarmed           ||     6
       Headbutt          ||     3
 Cast: Foxfire           ||     1
  Use: Potion            ||     1
Armor: Ring mail         ||     1
Dodge: Dodged            ||     3

Table legend: (Time is in decaauts)
 A = Elapsed time spent in this place.
 B = Non-inter-level travel time spent in this place.
 C = Inter-level travel time spent in this place.
 D = Time resting spent in this place.
 E = Time spent auto-exploring this place.
 F = Levels seen in this place.
 G = Mean time per level.
                   A        B        C        D        E       F      G
               +--------+--------+--------+--------+--------+-----+--------+
         Total |     56 |     32 |     24 |      0 |      0 |   1 |   56.0 |
       Dungeon |     56 |     32 |     24 |      0 |      0 |   1 |   56.0 |
               +--------+--------+--------+--------+--------+-----+--------+

Top non-repeatable levels by time:
     D:1: 56 daAuts
